 Dungeon Crawl Stone Soup version 0.31-a0-195-g7586a6f1e9 (webtiles) character file.

Game seed: 17027845536929779430

114 qw the Skirmisher (level 4, 0/25 HPs)
             Began as a Deep Elf Hunter on June 24, 2023.
             Slain by a gnoll
             ... wielding a +0 club
             ... led by a gnoll bouda
              (2 damage)
             ... on level 3 of the Dungeon.
             The game lasted 00:00:34 (1511 turns).

qw the Skirmisher (Deep Elf Hunter)                 Turns: 1511, Time: 00:00:34

Health: 0/25       AC:  7    Str: 10    XL:     4   Next: 66%
Magic:  6/6        EV: 12    Int: 14    God:
Gold:   92         SH:  0    Dex: 18    Spells: 3/3 levels left

rFire   . . .        Y - +0 shortbow
rCold   . . .        (shield currently unavailable)
rNeg    . . .        c - +0 leather armour
rPois   .            (no helmet)
rElec   .            j - +0 cloak
rCorr   .            b - +2 pair of gloves
SInv    .            (no boots)
Will    .....        (no amulet)
Stlth   ++           (no ring)
HPRegen 0.24/turn    (no ring)
MPRegen 0.10/turn

%: no passive effects
@: no status effects
A: no striking features
a: no special abilities


You were on level 3 of the Dungeon.
You visited 1 branch of the dungeon, and saw 3 of its levels.

You collected 92 gold pieces.


   Skills:
 - Level 1.5 Fighting
 + Level 8.1 Ranged Weapons
 - Level 2.4 Dodging
 - Level 1.2 Stealth


You had 3 spell levels left.
You didn't know any spells.
Your spell library was empty.

Inventory:

Hand Weapons
 Y - a +0 shortbow (weapon)
Armour
 b - a +2 pair of gloves (worn)
 c - a +0 leather armour (worn)
 j - a +0 cloak (worn)
Scrolls
 e - a scroll of identify
 k - a scroll of enchant armour {unknown}
Potions
 a - a potion of might
 d - a potion of lignification {unknown}
 f - a potion of cancellation {unknown}
 g - a potion of mutation
 h - a potion of enlightenment
 i - 2 potions of haste

Dungeon Overview and Level Annotations

Branches:
Dungeon (3/15)

Altars:
Nemelex Xobeh


Message History

You shoot an arrow. The arrow hits the gnoll bouda.
The gnoll bouda is severely wounded.
Your attacks no longer feel as feeble.
The gnoll misses you. The gnoll bouda closely misses you.
You shoot an arrow.
The arrow completely misses the gnoll bouda.
The gnoll barely misses you.
The gnoll bouda barks out a call to the hunt!
You shoot an arrow. The arrow hits the gnoll bouda!
You kill the gnoll bouda!
The gnoll barely misses you.
You have reached level 4!
You feel clever.
You shoot an arrow. The arrow hits the gnoll.
The gnoll is heavily wounded.
The gnoll closely misses you.
You shoot an arrow. The arrow barely misses the gnoll.
The gnoll hits you from afar with a +0 spear.
You shoot an arrow. The arrow hits the gnoll.
The gnoll is almost dead.
The gnoll barely misses you.
You shoot an arrow. The arrow barely misses the gnoll.
The gnoll barely misses you.
You shoot an arrow. The arrow hits the gnoll.
You kill the gnoll!
The gnoll misses you.
You shoot an arrow. The arrow hits the gnoll!
The gnoll is heavily wounded.
The gnoll misses you.
You shoot an arrow. The arrow closely misses the gnoll.
The gnoll hits you from afar with a +0 spear.
You shoot an arrow. The arrow hits the gnoll!
You kill the gnoll!
Your Ranged Weapons skill increases to level 8!
1509 ||| FLEEEEING.
You shoot an arrow. The arrow hits the endoplasm!
You kill the endoplasm!
You shoot an arrow. The arrow hits the gnoll!
The gnoll is severely wounded.
The gnoll hits you with a +0 club.
You die...

#.# #.# ## #####.#######
... #...........# ....
#.###.#####.####..g..
#####.............)).g.J.
.>...............)##.....
........#...#.#.g.# ...
........###.#.#.@.# #
....).......#.#...##
.......######.#....#
...........#..#.#..#
.......###.##.#.#..###
.......# #.##.#.#....#
.......# #.##.#.#.##.##
.......# #.##.#.#.##..#
.# [......#
#.##.#.#.###.# #.#


You could see a gnoll (swift).

Vanquished Creatures
  A gnoll bouda (D:3)
  An adder (D:3)
  3 gnolls (D:3)
  2 worms (D:2)
  An orc (D:3)
  6 ball pythons
  5 endoplasms
  A giant cockroach (D:1)
  3 goblins
  2 hobgoblins
  4 kobolds
  3 quokkas
  2 bats
  2 frilled lizards
  3 rats
39 creatures vanquished.

Notes
Turn   | Place    | Note
-------+----------+-------------------------------------------
     0 | D:1      | qw the Deep Elf Hunter began the quest for the Orb.
     0 | D:1      | Reached XP level 1. HP: 12/12 MP: 3/3
     0 | D:1      | 0 ||| qw: Version: 0.3-a-9-g12657ce
     0 | D:1      | 0 ||| qw: Game counter: 4729
     0 | D:1      | 0 ||| qw: Always use a shield: true
     0 | D:1      | 0 ||| qw: God list: Okawaru
     0 | D:1      | 0 ||| qw: Allow faded altars: false
     0 | D:1      | 0 ||| qw: Do Orc after D:15 true
     0 | D:1      | 0 ||| qw: Do second Lair branch before Depths: true
     0 | D:1      | 0 ||| qw: Lair rune preference: random
     0 | D:1      | 0 ||| qw: Plans: Normal
     0 | D:1      | 0 ||| PLANNING D:1-11
   243 | D:1      | Reached skill level 6 in Ranged Weapons
   243 | D:1      | Reached XP level 2. HP: 16/16 MP: 4/4
   737 | D:1      | 737 ||| UPGRADING to +0 cloak.
   742 | D:1      | 742 ||| READING scroll labelled WUCUSK KEMMY.
   743 | D:1      | 743 ||| READING 4 scrolls labelled BAGUOD MOLL.
   744 | D:1      | 744 ||| READING scroll labelled IFABOU XYORRI.
   748 | D:1      | 748 ||| DRINKING 2 amethyst potions.
   749 | D:1      | 749 ||| READING 3 scrolls of identify.
   749 | D:1      | 749 ||| IDENTIFYING ruby potion
   750 | D:1      | 750 ||| READING 2 scrolls of identify.
   750 | D:1      | 750 ||| IDENTIFYING brown potion
   751 | D:1      | 751 ||| DROPPING scroll of butterflies.
   851 | D:2      | Found a sparkling altar of Nemelex Xobeh.
  1011 | D:2      | Reached XP level 3. HP: 19/20 MP: 5/5
  1229 | D:2      | 1229 ||| UPGRADING to +2 pair of gloves.
  1234 | D:2      | 1234 ||| READING 2 scrolls labelled OPNEHUDUIN.
  1235 | D:2      | 1235 ||| READING 2 scrolls of identify.
  1235 | D:2      | 1235 ||| IDENTIFYING metallic silvery potion
  1236 | D:2      | 1236 ||| DROPPING scroll of vulnerability.
  1440 | D:3      | Reached skill level 7 in Ranged Weapons
  1479 | D:3      | 1479 ||| FLEEEEING.
  1480 | D:3      | 1480 ||| FLEEEEING.
  1481 | D:3      | 1481 ||| FLEEEEING.
  1484 | D:3      | 1484 ||| Stepping ~*~*~tactically~*~*~ (outnumbered).
  1495 | D:3      | HP: 2/20 [gnoll bouda/+0 whip (5)]
  1501 | D:3      | Reached XP level 4. HP: 4/25 MP: 6/6
  1502 | D:3      | HP: 2/25 [gnoll/+0 spear[a gnoll bouda] (3)]
  1507 | D:3      | HP: 1/25 [gnoll/+0 spear[a gnoll bouda] (2)]
  1509 | D:3      | Reached skill level 8 in Ranged Weapons
  1509 | D:3      | 1509 ||| FLEEEEING.
  1511 | D:3      | Slain by a gnoll

Levels and vault maps discovered:
D:1:      dpeg_arrival_pits, layout_basic, serial_glass, glass_columns_b,
          glass_columns_a, item_on_display_a, item_on_display_a,
          minmay_tromino_mix6
D:2:      layout_basic, basic_altar
D:3:      layout_basic

Skill      XL: |  1  2  3  4 |
---------------+-------------+-----
Ranged Weapons | 6 7 8 |  8.1
Fighting       | |  1.5
Dodging        | |  2.4
Stealth        | |  1.2

Action                     |  1- 3 |  4- 6 || total
---------------------------+-------+-------++-------
   Fire: Shortbow          |   104 |    10 ||   114
    Use: Scroll            |     7 |       ||     7
         Potion            |     1 |       ||     1
 Armour: Leather armour    |     5 |       ||     5
  Dodge: Dodged            |    27 |     5 ||    32

Table legend:
 A = Non-vault XP
 B = Vault XP
 C = Vault XP percentage of total XP
 D = Non-vault monster count
 E = Vault monster count
 F = Vault count percentage of total count
                 A         B        C        D         E       F
            +---------+---------+-------+---------+---------+-------
      Total |     158 |       5 |   3.1 |      36 |       3 |   7.7
            +---------+---------+-------+---------+---------+-------
        D:1 |      15 |       5 |  25.0 |       8 |       3 |  27.3
        D:2 |      27 |       0 |   0.0 |      13 |       0 |   0.0
        D:3 |     116 |       0 |   0.0 |      15 |       0 |   0.0
            +---------+---------+-------+---------+---------+-------
